AoeStats
← carloscabo97

Black Forest

504347349Analyzed
3v3 RM · 28d ago on Sep 5, 2026· 63m 30s· 6 players
Game mode
Random Map
Map size
Normal (6 player)
Population
200
Speed
Normal
Resources
Standard
Victory
Conquest
Starting age
Dark Age
Ending age
Imperial Age
RankedLock teamsTeams togetherTeam positionsShared explorationLock speedFull tech treeHidden civsTurbo modeCheats
Victory
Defeat
🇺🇸 Sicilians · United States
736
+11
🇺🇸 Malay · United States
698
+13
🇺🇸 Teutons · United States
697
+13
🇪🇸 Turks · Spain
657
-13
🇪🇸 Bohemians · Spain
628
-12
🇪🇸 Spanish · Spain
610
-12
Tonto
7:44 Loom
15:54 Feudal Age
15:33 Double-Bit Axe
15:32 Horse Collar
25:48 Castle Age
25:52 Bow Saw
25:45 Heavy Plow
26:27 Wheelbarrow
26:42 Husbandry
27:06 Forging
27:03 Scale Barding Armor
28:19 Caravan
30:43 Iron Casting
34:24 Imperial Age
32:56 Town Watch
35:11 Blast Furnace
36:14 Crop Rotation
36:11 Ballistics
36:52 Chemistry
38:55 Elite Battle Elephant
40:57 Siege Engineers
41:32 Conscription
51:02 Fletching
51:12 Padded Archer Armor
52:23 Thumb Ring
51:39 Elite Skirmisher
52:20 Bodkin Arrow
52:40 Leather Archer Armor
54:01 Bracer
54:31 Ring Archer Armor
chicken hatter
8:32 Loom
12:28 Feudal Age
12:54 Horse Collar
13:01 Double-Bit Axe
18:18 Scale Barding Armor
18:23 Forging
18:17 Scale Mail Armor
19:49 Wheelbarrow
21:53 Castle Age
23:35 Bow Saw
23:28 Heavy Plow
23:32 Caravan
24:10 Chain Mail Armor
24:35 Iron Casting
25:02 Husbandry
25:12 Bloodlines
36:52 Chain Mail Armor
38:38 Chain Barding Armor
40:22 First Crusade
43:01 Imperial Age
40:47 Hand Cart
44:06 Cavalier
45:49 Plate Barding Armor
45:45 Plate Mail Armor
46:15 Blast Furnace
45:06 Onager
47:14 Light Cavalry
57:07 Padded Archer Armor
56:57 Fletching
57:21 Elite Skirmisher
61:52 Leather Archer Armor
Ahab Schrader
0:46 Loom
15:00 Feudal Age
16:28 Wheelbarrow
15:38 Town Watch
15:36 Horse Collar
15:46 Double-Bit Axe
16:13 Gold Mining
16:48 Stone Mining
24:37 Castle Age
24:52 Forging
24:42 Scale Mail Armor
24:47 Scale Barding Armor
25:33 Hand Cart
25:19 Town Patrol
25:25 Heavy Plow
26:03 Stone Shaft Mining
25:40 Bow Saw
26:19 Caravan
27:27 Iron Casting
27:07 Chain Mail Armor
29:45 Bloodlines
30:15 Fortified Wall
36:51 Imperial Age
35:29 Chain Barding Armor
38:10 Crop Rotation
38:43 Two-Man Saw
37:33 Cavalier
39:13 Paladin
40:16 Arson
40:33 Squires
40:18 Gambesons
42:06 Blast Furnace
41:37 Plate Mail Armor
41:47 Plate Barding Armor
43:42 Conscription
43:45 Crenellations
44:40 Masonry
45:31 Chemistry
44:16 Arrowslits
44:52 Ballistics
45:53 Ironclad
45:03 Sappers
46:43 Hoardings
47:51 Elite Teutonic Knight
49:13 Pikeman
50:22 Halberdier
ipsofacto13
3:29 Loom
10:50 Feudal Age
12:54 Wheelbarrow
14:52 Double-Bit Axe
19:46 Castle Age
19:08 Horse Collar
21:55 Fletching
22:51 Hand Cart
23:39 Caravan
24:34 Bow Saw
28:59 Imperial Age
28:24 Murder Holes
28:55 Ballistics
30:43 Conscription
34:14 Elite Janissary
37:30 Artillery
41:24 Stone Mining
43:51 Artillery
45:09 Coinage
lemortelier
8:45 Loom
11:41 Feudal Age
13:30 Double-Bit Axe
15:43 Wheelbarrow
14:59 Horse Collar
20:26 Castle Age
20:30 Stone Mining
21:50 Bow Saw
21:42 Heavy Plow
27:36 Gold Mining
29:56 Hand Cart
33:36 Imperial Age
32:56 Scale Barding Armor
33:26 Caravan
35:34 Elite Conquistador
36:36 Conscription
36:43 Ballistics
36:48 Chain Barding Armor
38:23 Two-Man Saw
39:58 Plate Barding Armor
46:49 Fletching
47:01 Padded Archer Armor
57:13 Pikeman
57:56 Squires
carloscabo97
5:33 Loom
15:32 Feudal Age
16:12 Double-Bit Axe
16:21 Horse Collar
19:21 Town Watch
22:53 Wheelbarrow
26:41 Castle Age
26:42 Fletching
27:15 Forging
27:06 Scale Mail Armor
29:46 Heavy Plow
29:58 Bow Saw
30:56 Town Patrol
31:14 Hand Cart
32:43 Ballistics
32:08 Treadmill Crane
31:55 Crossbowman
32:40 Padded Archer Armor
32:39 Bodkin Arrow
33:09 Caravan
40:02 Padded Archer Armor
40:26 Chain Mail Armor
44:38 Chemistry
48:03 Imperial Age
49:23 Bracer
52:50 Onager
53:19 Houfnice
54:31 Pikeman
55:14 Squires
55:59 Iron Casting
55:40 Leather Archer Armor
55:57 Plate Mail Armor
55:13 Halberdier
Connection lost

Rejoining the realm…

Still unreachable

The connection could not be restored.

Session expired

The server has moved on; the page needs a fresh start.